 Dungeon Crawl Stone Soup version 0.24.0-123-gd5b16e6ec5 (webtiles) character file.

Game seed: 2767452094769996495, levelgen mode: deterministic

76 DungeonDestroyer the Shield-Bearer (level 4, -5/41 HPs)
             Began as a Gnoll Fighter on Jan 28, 2020.
             Was a Plaything of Xom.
             Slain by a worm (8 damage)
             ... on level 3 of the Dungeon.
             The game lasted 00:03:49 (1853 turns).

DungeonDestroyer the Shield-Bearer (Gnoll Fighter)  Turns: 1853, Time: 00:03:50

Health: -5/41      AC:  7    Str: 18    XL:     4   Next: 32%
Magic:  5/5        EV:  8    Int: 11    God:    Xom [..*...]
Gold:   69         SH: 11    Dex: 15    Spells: 5/5 levels left

rFire    . . .     SeeInvis .   m - -2 mace (curse)
rCold    . . .     Gourm    .   c - +1 shield
rNeg     . . .     Faith    .   b - +0 scale mail
rPois    .         Spirit   .   (no helmet)
rElec    .         Reflect  .   (no cloak)
rCorr    .         Harm     .   (no gloves)
MR       .....                  (no boots)
Stlth    ..........             (no amulet)
HPRegen  0.13/turn              (no ring)
MPRegen  0.09/turn              (no ring)

@: no status effects
A: distributed training, fangs 1, strong nose
a: Renounce Religion


You were on level 3 of the Dungeon.
You worshipped Xom.
You were a toy of Xom.
You were not hungry.

You visited 1 branch of the dungeon, and saw 3 of its levels.

You collected 69 gold pieces.

Inventory:

Hand Weapons
 a - a +0 long sword
 m - a cursed -2 mace (weapon)
Missiles
 e - 51 stones (quivered)
 j - 14 arrows
 k - a throwing net
Armour
 b - a +0 scale mail (worn)
 c - a +1 shield (worn)
Scrolls
 l - a scroll of teleportation
Potions
 d - a potion of might
 h - 2 potions of agility
 i - a potion of curing
Comestibles
 f - 4 rations
 g - 4 chunks of flesh


   Skills:
 + Level 6.6 Fighting
 + Level 1.1 Short Blades
 + Level 4.6 Long Blades
 + Level 1.1 Axes
 + Level 1.1 Maces & Flails
 + Level 1.1 Polearms
 + Level 1.1 Staves
 + Level 1.1 Slings
 + Level 1.1 Bows
 + Level 1.1 Crossbows
 + Level 1.1 Throwing
 + Level 6.6 Armour
 + Level 1.1 Dodging
 + Level 1.1 Stealth
 + Level 6.6 Shields
 + Level 1.1 Unarmed Combat
 + Level 1.1 Spellcasting
 + Level 0.8 Conjurations
 + Level 0.8 Hexes
 + Level 0.8 Charms
 + Level 0.8 Summonings
 + Level 0.8 Necromancy
 + Level 0.8 Translocations
 + Level 0.8 Transmutations
 + Level 0.8 Fire Magic
 + Level 0.8 Ice Magic
 + Level 0.8 Air Magic
 + Level 0.8 Earth Magic
 + Level 0.8 Poison Magic
 + Level 1.2 Invocations
 + Level 1.1 Evocations


You had 5 spell levels left.
You didn't know any spells.
Your spell library was empty.

Dungeon Overview and Level Annotations

Branches:
Dungeon (3/15)

Altars:
Xom


Innate Abilities, Weirdness & Mutations

Your experience applies equally to all skills.
You have very sharp teeth.
Your uncanny sense of smell can sniff out nearby items.


Message History

* * * LOW HITPOINT WARNING * * *
You block the jackal's attack.
You hit the worm but do no damage. You bite the worm, but do no damage.
The worm is severely wounded.
The jackal bites you but does no damage.
The worm bites you.
* * * LOW HITPOINT WARNING * * *
The jackal bites you but does no damage.
You hit the worm but do no damage.
The worm is severely wounded.
You block the jackal's attack. The worm bites you.
* * * LOW HITPOINT WARNING * * *
You barely miss the worm. You bite the worm.
The worm is almost dead.
The jackal barely misses you.
The jackal bites you but does no damage.
You barely miss the worm.
The worm is almost dead.
You block the jackal's attack. x2; The worm bites you!
You die...

∆ .... ##.....##
... #.÷##### ...
####.## .. #....#
#) ####.#### ∆
#.###....#
#..##.#### #w##.#
#@h..#
...>.....##......
∆ ....###.##
...... ∆ .. #.#
...... #.# ......
#.. ...... ###
......


You could see a worm and a jackal.

Vanquished Creatures
  An adder (D:2)
  A worm (D:2)
  3 dart slugs
  5 bats
  3 giant cockroaches
  5 goblins
  6 hobgoblins
  9 jackals
  6 kobolds
  3 ball pythons
  4 frilled lizards
  9 rats
55 creatures vanquished.

Notes
Turn   | Place    | Note
-------+----------+-------------------------------------------
     0 | D:1      | DungeonDestroyer the Gnoll Fighter began the quest for the
                  | Orb.
     0 | D:1      | Reached XP level 1. HP: 23/23 MP: 1/1
   117 | D:1      | Reached XP level 2. HP: 29/29 MP: 2/2
   423 | D:1      | Reached XP level 3. HP: 35/35 MP: 3/3
   788 | D:2      | Reached skill level 1 in Invocations
   967 | D:2      | Reached skill level 1 in Short Blades
   967 | D:2      | Reached skill level 1 in Axes
   967 | D:2      | Reached skill level 1 in Maces & Flails
   967 | D:2      | Reached skill level 1 in Polearms
   967 | D:2      | Reached skill level 1 in Staves
   967 | D:2      | Reached skill level 1 in Slings
   967 | D:2      | Reached skill level 1 in Bows
   967 | D:2      | Reached skill level 1 in Crossbows
   967 | D:2      | Reached skill level 1 in Throwing
   967 | D:2      | Reached skill level 1 in Dodging
   967 | D:2      | Reached skill level 1 in Stealth
   967 | D:2      | Reached skill level 1 in Unarmed Combat
   967 | D:2      | Reached skill level 1 in Spellcasting
   967 | D:2      | Reached skill level 1 in Evocations
  1259 | D:2      | Reached XP level 4. HP: 41/41 MP: 5/5
  1450 | D:2      | Found a blossoming altar of Fedhas.
  1452 | D:2      | Found a shimmering altar of Xom.
  1452 | D:2      | Found a glowing golden altar of the Shining One.
  1454 | D:2      | Found a snail-covered altar of Cheibriados.
  1454 | D:2      | Found a hide-covered altar of Uskayaw.
  1454 | D:2      | Found a shimmering altar of Xom.
  1511 | D:2      | Became a worshipper of Xom of Chaos
  1853 | D:3      | Slain by a worm

Levels and vault maps discovered:
D:1:      minmay_arrival_semitransparent, layout_loops_ring, dk_noncrumbling_4
D:2:      layout_basic, doesnt_xom_only_xom
D:3:      layout_rooms, trog_three_pillars_becter, uniq_robin, uniq_natasha

Skill      XL: |  1  2  3 |
---------------+----------+-----
Invocations    | 1 |  1.2
Short Blades   | 1 |  1.1
Axes           | 1 |  1.1
Maces & Flails | 1 |  1.1
Polearms       | 1 |  1.1
Staves         | 1 |  1.1
Slings         | 1 |  1.1
Bows           | 1 |  1.1
Crossbows      | 1 |  1.1
Throwing       | 1 |  1.1
Dodging        | 1 |  1.1
Stealth        | 1 |  1.1
Unarmed Combat | 1 |  1.1
Spellcasting   | 1 |  1.1
Evocations     | 1 |  1.1
Fighting       | |  6.6
Long Blades    | |  4.6
Armour         | |  6.6
Shields        | |  6.6
Conjurations   | |  0.8
Hexes          | |  0.8
Charms         | |  0.8
Summonings     | |  0.8
Necromancy     | |  0.8
Translocations | |  0.8
Transmutations | |  0.8
Fire Magic     | |  0.8
Ice Magic      | |  0.8
Air Magic      | |  0.8
Earth Magic    | |  0.8
Poison Magic   | |  0.8

Action                   |  1- 3 |  4- 6 || total
-------------------------+-------+-------++-------
Melee: Long sword        |    48 |    22 ||    70
       Bite              |    13 |     7 ||    20
       Mace              |    71 |    45 ||   116
  Use: Scroll            |     5 |       ||     5
       Potion            |     2 |       ||     2
  Eat: Chunk             |     1 |     2 ||     3
Armor: Scale mail        |    40 |    52 ||    92
Dodge: Dodged            |    36 |    26 ||    62
Block: Shield            |    66 |    63 ||   129
       Rpst.: Long sword |     2 |     1 ||     3
